 Dungeon Crawl Stone Soup version 0.20.1-1-g8b1a95d (webtiles) character file.

318 pstr the Conjurer (level 6, 0/34 HPs)
             Began as a Kobold Conjurer on Nov 19, 2017.
             Slain by an ice beast (14 damage)
             ... on level 4 of the Dungeon.
             The game lasted 00:10:52 (3912 turns).

pstr the Conjurer (Kobold Conjurer)                 Turns: 3912, Time: 00:10:52

Health: 0/34       AC:  1    Str:  5    XL:     6   Next: 74%
Magic:  4/12       EV: 16    Int: 19    God:
Gold:   141        SH:  0    Dex: 15    Spells: 10/13 levels left

rFire    . . .     SeeInvis .   (weapon restricted)
rCold    . . .     Gourm    .   (shield restricted)
rNeg     . . .     Faith    .   h - +0 animal skin (curse)
rPois    .         Spirit   .   j - +0 helmet
rElec    .         Reflect  .   l - scarf {cloud immunity}
rCorr    .         Harm     +   q - +0 pair of gloves
MR       .....                  (no boots)
Stlth    ++........             d - amulet of harm
Regen    0.2/turn               r - -3 ring of protection (curse)
MPRegen  0.2/turn               (no ring)

@: no status effects
A: carnivore 3
a: no special abilities


You were on level 4 of the Dungeon.
You were completely stuffed.

You visited 1 branch of the dungeon, and saw 4 of its levels.

You collected 141 gold pieces.

Inventory:

Hand Weapons
 o - a +0 dagger
Missiles
 e - 120 stones (quivered)
Armour
 a - a +0 robe
 h - a cursed +0 animal skin (worn)
 j - a +0 helmet (worn)
 l - a scarf of cloud immunity (worn)
 q - a +0 pair of gloves (worn)
 s - a +0 leather armour
Jewellery
 d - an amulet of harm (around neck)
 r - a cursed -3 ring of protection (left hand)
 v - an uncursed amulet of the gourmand {unknown}
Scrolls
 g - a scroll of random uselessness {unknown}
 i - 3 scrolls of remove curse {unknown}
 k - a scroll of noise {unknown}
 m - 4 scrolls of identify {unknown}
 n - 3 scrolls of immolation {unknown}
 w - a scroll of fog {unknown}
 y - a scroll of fear {unknown}
Potions
 p - a potion of haste {unknown}
 t - 2 potions of degeneration {unknown}
 u - a potion of agility {unknown}
 x - 2 potions of heal wounds {unknown}
 A - a potion of curing
Books
 b - a book of Conjurations

   Spells                             Type                      Level
   a - Magic Dart                     Conjuration                  1
   b - Searing Ray                    Conjuration                  2
   c - Dazzling Spray                 Conjuration/Hexes            3
   d - Fulminant Prism                Conjuration/Hexes            4
   e - Force Lance                    Conjuration/Translocation    4
   f - Iskenderun's Mystic Blast      Conjuration                  4
Comestibles
 c - 3 meat rations
 f - a royal jelly
 z - 3 chunks of flesh


   Skills:
 + Level 1.2 Fighting
 + Level 3.5 Dodging
 + Level 3.5 Stealth
 + Level 4.1 Spellcasting
 + Level 5.8 Conjurations


You had 10 spell levels left.
You knew the following spells:

 Your Spells              Type           Power        Failure   Level  Hunger
a - Magic Dart            Conj           ####         1%          1    None
b - Searing Ray           Conj           ####..       1%          2    ##.....


Dungeon Overview and Level Annotations

Branches:
Dungeon (4/15)
 Temple: D:4-7

Altars:

Annotations:
D:1 Terence


Innate Abilities, Weirdness & Mutations

You are small and have problems with some larger weapons.
You are carnivorous and can eat meat at any time.


Message History

The searing ray hits the ice beast.
The ice beast is moderately wounded.
The searing ray hits the ice beast.
The ice beast is severely wounded.
You finish channeling your searing ray.
The ice beast misses you.
Casting: Searing Ray
Confirm with . or Enter, or press ? or * to list all spells.
Aiming: Searing Ray
Press: ? - help, Shift-Dir - straight line, f/p - ice beast
Aim: an ice beast (severely wounded)
The searing ray hits the ice beast.
The ice beast is almost dead. (Press . to maintain the ray.)
The ice beast completely misses you.
The searing ray hits the ice beast.
The ice beast is almost dead.
The ice beast hits you. The ice beast freezes you!
The searing ray misses the ice beast.
The ice beast hits you. The ice beast freezes you!
You die...

#...<....##......
#.....##.##.....#
#...(.##........#
########.##.##..#
#........#
#############.#####
#.............#
#.####[.....########
#.....Y@....##
######......>##
#........#
#####...## ##.## ###


You could see an ice beast.

Vanquished Creatures
  An orc wizard (D:3)
  Natasha (thrice) (D:2)
  Robin (D:1)
  4 gnolls (D:3)
  7 adders
  3 oozes
  3 worms
  A dart slug (D:1)
  2 leopard geckos
  4 orcs
  6 giant cockroaches
  15 goblins
  7 hobgoblins
  A quokka (D:3)
  3 ball pythons
  3 bats
  3 frilled lizards
  10 kobolds
  10 rats
87 creatures vanquished.

Notes
Turn   | Place    | Note
-------+----------+-------------------------------------------
     0 | D:1      | pstr the Kobold Conjurer began the quest for the Orb.
     0 | D:1      | Reached XP level 1. HP: 10/10 MP: 3/3
    88 | D:1      | Reached XP level 2. HP: 5/15 MP: 0/5
   302 | D:1      | Learned a level 2 spell: Searing Ray
   595 | D:1      | Reached XP level 3. HP: 19/19 MP: 4/6
   917 | D:2      | Noticed Robin
  1210 | D:2      | Reached XP level 4. HP: 24/24 MP: 4/7
  1271 | D:1      | Killed Robin
  1480 | D:2      | Noticed Natasha
  1489 | D:2      | Killed Natasha
  1489 | D:2      | Reached skill level 5 in Conjurations
  1724 | D:2      | Reached XP level 5. HP: 28/28 MP: 5/9
  1773 | D:2      | Noticed Terence
  2444 | D:2      | Noticed Natasha
  2454 | D:2      | Killed Natasha
  2509 | D:2      | Noticed Natasha
  2513 | D:2      | Killed Natasha
  2601 | D:3      | Reached XP level 6. HP: 33/33 MP: 5/11
  3210 | D:3      | Reached skill level 1 in Fighting
  3904 | D:4      | Noticed an ice beast
  3912 | D:4      | Slain by an ice beast

Skill      XL: |  1  2  3  4  5  6 |
---------------+-------------------+-----
Stealth        | 3 |  3.5
Dodging        | 3 |  3.5
Conjurations   | 5 |  5.8
Spellcasting   | 3 4 |  4.1
Fighting       | 1 |  1.2

Action                   |  1- 3 |  4- 6 || total
-------------------------+-------+-------++-------
Melee: Unarmed           |     2 |       ||     2
 Cast: Magic Dart        |    51 |    75 ||   126
       Searing Ray       |     6 |    29 ||    35
  Use: Potion            |     1 |       ||     1
       Scroll            |       |     1 ||     1
  Eat: Chunk             |     8 |    11 ||    19
Armor: Robe              |     5 |     1 ||     6
Dodge: Dodged            |    38 |    27 ||    65
